 Dungeon Crawl Stone Soup version 0.30-a0-465-g8901f6c8b5 (webtiles) character file.

Game seed: 11068892774587954846

943 Conn the Firebug (level 8, 0/47 HPs)
             Began as an Octopode Fire Elementalist on Dec 18, 2022.
             Killed from afar by an orc wizard (12 damage)
             ... with a magic dart
             ... on level 5 of the Dungeon.
             The game lasted 00:13:16 (4516 turns).

Conn the Firebug (Octopode Fire Elementalist)       Turns: 4516, Time: 00:13:19

Health: 0/47       AC:  1    Str:  7    XL:     8   Next: 12%
Magic:  1/15       EV: 13    Int: 20    God:
Gold:   273        SH:  0    Dex: 12    Spells: 7/16 levels left

rFire   . . .      SeeInvis .    l - +2 short sword (protect)
rCold   . . .      Faith    .    (no shield)
rNeg    . . .      Spirit   .    (helmet restricted)
rPois   .          Reflect  .    z - amulet of magic regeneration
rElec   .          Harm     .    (no ring)
rCorr   .          Rampage  .    (no ring)
Will    .....                    (no ring)
Stlth   ++++......               (no ring)
HPRegen 0.27/turn                (no ring)
MPRegen 0.54/turn                (no ring)
                                 (no ring)
                                 (no ring)

@: no status effects
A: almost no armour, amphibious, 8 rings, camouflage 1, gelatinous body 1,
(nimble swimmer 1), tentacles
a: no special abilities


You were on level 5 of the Dungeon.
You visited 2 branches of the dungeon, and saw 6 of its levels.

You collected 323 gold pieces.
You spent 50 gold pieces at shops.

Inventory:

Hand Weapons
 i - a +0 short sword
 j - a +0 rapier
 l - a +2 short sword of protection (weapon)
Magical Staves
 u - a staff of air
Jewellery
 z - an amulet of magic regeneration (around mantle)
Wands
 B - a wand of polymorph (9)
Scrolls
 b - 5 scrolls of identify {unknown}
 c - 2 scrolls of magic mapping {unknown}
 f - a scroll of fog {unknown}
 k - 4 scrolls of teleportation {unknown}
 n - 4 scrolls of butterflies {unknown}
 o - a scroll of blinking {unknown}
 p - 2 scrolls of vulnerability {unknown}
 r - 3 scrolls of enchant armour {unknown}
 v - a scroll of fear {unknown}
 w - 2 scrolls of amnesia {unknown}
 y - a scroll of immolation {unknown}
 C - a scroll of poison {unknown}
Potions
 a - 2 potions of magic
 d - 4 potions of curing {unknown}
 e - 2 potions of haste
 g - 2 potions of flight {unknown}
 h - a potion of invisibility {unknown}
 m - a potion of heal wounds
 q - 2 potions of lignification {unknown}
 s - a potion of ambrosia {unknown}
 t - 2 potions of might {unknown}
 x - a potion of attraction {unknown}
 A - a potion of mutation {unknown}


   Skills:
 + Level 0.9 Fighting
 + Level 1.4 Short Blades
 + Level 2.8 Dodging
 + Level 5.0 Stealth
 + Level 0.3 Unarmed Combat
 + Level 4.7 Spellcasting
 + Level 4.1 Conjurations
 + Level 0.5 Hexes
 + Level 5.4 Fire Magic


You had 7 spell levels left.
You knew the following spells:

 Your Spells              Type           Power      Damage    Failure   Level
a - Foxfire               Conj/Fire      96%        2x1d8     1%          1
b - Kindle Blastsparks    Fire/Tloc/Air  24%        2d12      17%         3
c - Inner Flame           Hex/Fire       16%        N/A       11%         3
e - Scorch                Fire           52%        2d8       1%          2

Your spell library contained the following spells:

 Spells                   Type           Power      Damage    Failure   Level
 Flame Wave               Conj/Fire      24%        2d8       16%         4
 Sticky Flame             Conj/Fire      24%        2d5       16%         4
 Ignite Poison            Fire/Tmut/Pois 12%        N/A       17%         3
 Gell's Gravitas          Tloc           4%         N/A       34%         3
 Teleport Other           Tloc           4%         N/A       34%         3
 Dispersal                Tloc           2%         N/A       100%        6
 Ignition                 Fire           13%        3d6       100%        8


Dungeon Overview and Level Annotations

Branches:
Dungeon (5/15)             Temple (1/1) D:4

Altars:
Cheibriados
Dithmenos
Elyvilon
Fedhas
Gozag
Hepliaklqana
Kikubaaqudgha
Makhleb
Okawaru
Qazlal
Ru
Trog
Uskayaw
Vehumet
Xom
Yredelemnul
Zin
The Shining One

Shops:
D:1 !

Annotations:
D:2 Terence


Innate Abilities, Weirdness & Mutations

You cannot wear most types of armour.
You are amphibious.
You can wear up to eight rings at the same time.
Your skin changes colour to match your surroundings (Stealth+).
Your rubbery body absorbs attacks. (AC +1, EV +1)
((You are camouflaged when in or above water. (Stealth+)))
You have tentacles for arms and can constrict up to eight enemies at once.


Message History

Casting: Scorch (safe; 1% risk of failure)
Confirm with . or Enter, or press ? or * to list all spells.
You conjure some foxfire!
Something hits you.
You hear some strange, mumbled words.
Something tries to affect you, but you resist.
The orc hits you with a +0 dagger.
Unknown command.
Casting: Foxfire (safe; 1% risk of failure)
Confirm with . or Enter, or press ? or * to list all spells.
Nothing appears to happen.
The foxfire hits something.
Reactivating autopickup.
You feel a bit more experienced.
The foxfire hits the orc.
The orc is heavily wounded.
Something hits you.
Deactivating autopickup; reactivate with Ctrl-A.
Casting: Foxfire (safe; 1% risk of failure)
Confirm with . or Enter, or press ? or * to list all spells.
You conjure some foxfire!
The orc hits you with a +0 dagger. The orc barely misses you.
Something hits you.
Unknown command.
Casting: Foxfire (safe; 1% risk of failure)
Confirm with . or Enter, or press ? or * to list all spells.
Flames lash something but do no damage.
The foxfire hits the orc.
The orc is severely wounded.
The foxfire hits the orc.
You kill the orc!
Something hits you. The orc closely misses you.
Casting: Scorch (safe; 1% risk of failure)
Confirm with . or Enter, or press ? or * to list all spells.
You conjure some foxfire!
Something hits you. The orc hits you with a +0 dagger.
* * * LOW HITPOINT WARNING * * *
Unknown command.
You miss something.
The foxfire hits the orc!
You kill the orc!
The foxfire hits something.
You hear some strange, mumbled words.
A magic dart appears from out of thin air!
The magic dart hits you!
You die...

#..#....................###.#.#.~
...........>...####.###..#.....~≈
..#..........#...........#.....~≈
...........#...###..####.......~≈
.....#########.. #.## ##.......~
..#..# #.##.# #.......# ..##.>..
#....# #.####..# ..####....
##§§## #.## #.#. ..#####... #@§#
#..###.##
.......##......{)#.....###.....#
.......# ##.....)....... #######
.......# #.............. .......#
#.............. .......#
#.............. .......#
#.............. .......#
#............. .......#


There were no monsters in sight!

Vanquished Creatures
  A black bear (D:5)
  2 centaurs (D:5)
  2 necrophages
  2 scorpions
  A hound (D:5)
  3 orc priests
  4 orc wizards
  Robin (D:2)
  8 adders
  A shadow imp (D:5)
  2 worms
  5 dart slugs
  14 orcs
  7 ball pythons
  5 bats
  9 endoplasms
  4 giant cockroaches
  19 goblins
  11 hobgoblins
  5 jackals
  6 kobolds
  6 quokkas
  2 frilled lizards (D:1)
  5 rats
125 creatures vanquished.

Vanquished Creatures (others)
  328 foxfires
  A plant (D:5)
329 creatures vanquished.

Grand Total: 454 creatures vanquished

Notes
Turn   | Place    | Note
-------+----------+-------------------------------------------
     0 | D:1      | Conn the Octopode Fire Elementalist began the quest for the
                  | Orb.
     0 | D:1      | Reached XP level 1. HP: 11/11 MP: 3/3
    79 | D:1      | Reached XP level 2. HP: 17/17 MP: 0/5
   486 | D:1      | Reached XP level 3. HP: 12/21 MP: 1/6
   848 | D:1      | Found Ogutar's Distillery.
   851 | D:1      | Bought a potion of heal wounds for 50 gold pieces
   887 | D:1      | Learned a level 2 spell: Scorch
  1174 | D:2      | Noticed Terence
  1240 | D:1      | Learned a level 3 spell: Inner Flame
  1290 | D:2      | Reached XP level 4. HP: 16/27 MP: 4/7
  1471 | D:2      | Noticed Robin
  1514 | D:2      | Killed Robin
  2104 | D:2      | Reached XP level 5. HP: 25/31 MP: 3/8
  2491 | D:3      | Reached skill level 1 in Short Blades
  2650 | D:3      | Reached XP level 6. HP: 37/37 MP: 4/10
  2760 | D:3      | Learned a level 3 spell: Kindle Blastsparks
  3023 | D:4      | Identified the +0 scale mail "Dioptiyrphu" {Contam Dex+5
                  | SInv}
  3280 | D:4      | Found a staircase to the Ecumenical Temple.
  3491 | D:4      | Found a hide-covered altar of Uskayaw.
  3681 | D:4      | Reached XP level 7. HP: 42/42 MP: 9/12
  3810 | D:4      | Found a white marble altar of Elyvilon.
  3811 | D:4      | Found a stormy altar of Qazlal.
  4066 | Temple   | Entered the Ecumenical Temple
  4153 | D:5      | Entered Level 5 of the Dungeon
  4214 | D:5      | Reached skill level 5 in Fire Magic
  4425 | D:5      | Reached skill level 5 in Stealth
  4425 | D:5      | Reached XP level 8. HP: 41/47 MP: 9/14
  4465 | D:5      | Found a snail-covered altar of Cheibriados.
  4516 | D:5      | Killed from afar by an orc wizard

Illustrated notes

Levels and vault maps discovered:
D:1:      tarquinn_simple_flora_water_a, layout_basic, serial_shops, shop,
          minmay_pentomino_x4
D:2:      layout_basic, nrook_campfire, minmay_tall_x, uniq_robin, uniq_terence
D:3:      layout_rooms
D:4:      layout_gridville, nicolae_overflow_two_pavilions,
          nicolae_uskayaw_dance_hall, minmay_temple_entry_crystal_x,
          minmay_fractal_squares_diagonal_5
D:5:      layout_rooms, kennysheep_slug_shrine, serial_bayou_lagoon_b
Temple:   nicolae_temple_great_sept

Skill      XL: |  1  2  3  4  5  6  7 |
---------------+----------------------+-----
Stealth        | 3 4 5 |  5.0
Conjurations   | 2 3 4 |  4.1
Fire Magic     | 4 5 |  5.4
Short Blades   | 1 |  1.4
Spellcasting   | 3 4 |  4.7
Fighting       | |  0.9
Dodging        | |  2.8
Unarmed Combat | |  0.3
Hexes          | |  0.5

Action                   |  1- 3 |  4- 6 |  7- 9 || total
-------------------------+-------+-------+-------++-------
Melee: Unarmed           |     9 |       |       ||     9
       Constrict         |    13 |     6 |     2 ||    21
       Short sword       |    41 |    32 |     8 ||    81
       Tentacles         |     9 |     4 |     2 ||    15
       Rapier            |     7 |       |       ||     7
       Punch             |       |       |     1 ||     1
 Cast: Foxfire           |    41 |    89 |    55 ||   185
       Scorch            |       |     5 |     8 ||    13
       Inner Flame       |       |     4 |       ||     4
 Stab: Sleeping          |     3 |     6 |     1 ||    10
Armor: Skin              |    13 |     7 |     7 ||    27
Dodge: Dodged            |    35 |    24 |    18 ||    77

Table legend: (Time is in decaauts)
 A = Elapsed time spent in this place.
 B = Non-inter-level travel time spent in this place.
 C = Inter-level travel time spent in this place.
 D = Time resting spent in this place.
 E = Time spent auto-exploring this place.
 F = Levels seen in this place.
 G = Mean time per level.
                   A        B        C        D        E       F      G
               +--------+--------+--------+--------+--------+-----+--------+
         Total |   4514 |   4427 |     87 |    136 |   2883 |   6 |  752.3 |
       Dungeon |   4445 |   4358 |     87 |    136 |   2875 |   5 |  889.0 |
        Temple |     68 |     68 |      0 |      0 |      8 |   1 |   68.0 |
               +--------+--------+--------+--------+--------+-----+--------+

Top non-repeatable levels by time:
     D:2: 1311 daAuts
     D:4: 1240 daAuts
     D:1: 990 daAuts
     D:3: 541 daAuts
     D:5: 362 daAuts
  Temple: 68 daAuts
